 Dungeon Crawl Stone Soup version 0.28.0-49-g6dfe1f597d (console) character file.

Game seed: 3270160107566296680

8792 Faeu the Cleaver (level 11, -2/153 HPs)
             Began as a Minotaur Berserker on May 14, 2022.
             Was a High Priest of Trog.
             Shot with a bolt by an orc warrior (6 damage)
             ... on level 2 of the Orcish Mines on May 15, 2022.
             The game lasted 00:37:10 (13317 turns).

Faeu the Cleaver (Minotaur Berserker)              Turns: 13317, Time: 00:37:10

Health: -2/153     AC: 23    Str: 26 (27) XL:     11   Next: 14%
Magic:  10/10      EV: 10    Int:  1 (4)  God:    Trog [*****.]
Gold:   1063       SH:  0    Dex: 10 (13) Spells: 10/10 levels left

rFire   . . .      SeeInvis +   M - +8 katana {vorpal, manifold assault}
rCold   . . .      Faith    .   (no shield)
rNeg    . . .      Spirit   .   L - +4 plate armour "Ytookhli" {Dex+4}
rPois   .          Reflect  .   (helmet restricted)
rElec   .          Harm     .   C - +1 cloak
rCorr   +          Rampage  .   T - +0 pair of gloves
Will    .....                   (no boots)
Stlth   ..........              (no amulet)
HPRegen 0.35/turn               f - ring of resist corrosion
MPRegen 0.12/turn               D - ring of see invisible

@: berserking, very quick
A: horns 2, retaliatory headbutt
a: Renounce Religion, Berserk, Trog's Hand, Brothers in Arms


You were on level 2 of the Orcish Mines.
You worshipped Trog.
Trog was extremely pleased with you.
You visited 2 branches of the dungeon, and saw 11 of its levels.

You collected 1063 gold pieces.


Innate Abilities, Weirdness & Mutations

You have a pair of horns on your head.
You reflexively headbutt those who attack you in melee.


   Skills:
 - Level 11.2 Fighting
 - Level 5.1 Long Blades
 + Level 11.3 Axes
 + Level 11.0 Armour
 - Level 7.5 Dodging


You had 10 spell levels left.
You didn't know any spells.
Your spell library contained the following spells:

 Spells                   Type           Power      Damage    Failure   Level
 Animate Skeleton         Necr           0%         N/A       99%         1
 Foxfire                  Conj/Fire      0%         2x1d4     99%         1
 Pain                     Necr           0%         1d4       99%         1
 Sublimation of Blood     Necr           0%         N/A       100%        2
 Conjure Flame            Conj/Fire      0%         6-21      100%        3
 Dazzling Flash           Conj/Hex       0%         N/A       100%        3
 Inner Flame              Hex/Fire       0%         N/A       100%        3
 Stone Arrow              Conj/Erth      0%         3d7       100%        3
 Vampiric Draining        Necr           0%         2d6       100%        3
 Airstrike                Air            0%         N/A       100%        4
 Animate Armour           Summ/Erth      0%         N/A       100%        4
 Flame Wave               Conj/Fire      0%         2d4       100%        4
 Iskenderun's Mystic Bla  Conj/Tloc      0%         2d3       100%        4
 Passage of Golubria      Tloc           0%         N/A       100%        4
 Petrify                  Tmut/Erth      0%         N/A       100%        4
 Summon Lightning Spire   Summ/Air       0%         N/A       100%        4
 Irradiate                Conj/Tmut      0%         3d13      100%        5
 Lightning Bolt           Conj/Air       0%         1d11      100%        5
 Silence                  Hex/Air        0%         N/A       100%        5
 Starburst                Conj/Fire      0%         6d3       100%        6
 Lehudib's Crystal Spear  Conj/Erth      0%         10d2      100%        8

Inventory:

Hand Weapons
 M - the +8 autumn katana (weapon) {vorpal, manifold assault}
   (You found it on level 7 of the Dungeon)

   It sometimes launches melee attacks against multiple visible enemies.
 Q - a +4 battleaxe of freezing {axe}
   (You took it off a wight on level 9 of the Dungeon)
 R - a +4 mace {mace}
   (You took it off a wight on level 9 of the Dungeon)
 S - a +2 war axe {axe}
   (You took it off a wight on level 9 of the Dungeon)
Missiles
 B - 12 poisoned darts (quivered) {throwing}
 N - 7 boomerangs {throwing}
Armour
 t - a +0 leather armour of poison resistance
   (You took it off an orc on level 3 of the Dungeon)
 A - the +7 ring mail of Inevitability {rC+ Str+3 Int-2}
   (You took it off a gnoll on level 4 of the Dungeon)

   Str:       It affects your strength (+3).
   Int:       It affects your intelligence (-2).
   rC:        It protects you from cold.
 C - a +1 cloak (worn)
   (You found it on level 4 of the Dungeon)
 L - the +4 plate armour "Ytookhli" (worn) {Dex+4}
   (You found it on level 7 of the Dungeon)

   Dex:       It affects your dexterity (+4).
 T - a +0 pair of gloves (worn)
   (You found it on level 9 of the Dungeon)
 U - a +1 plate armour of positive energy
   (You took it off an orc warrior on level 1 of the Orcish Mines)
Jewellery
 f - a ring of resist corrosion (left hand)
   (You found it on level 1 of the Dungeon)
 D - a ring of see invisible (right hand)
   (You found it on level 5 of the Dungeon)
 G - a ring of fire
   (You found it on level 5 of the Dungeon)
 H - a ring of protection from cold
   (You found it on level 6 of the Dungeon)
Wands
 E - a wand of iceblast (10)
   (You took it off Ijyb on level 5 of the Dungeon)
 I - a wand of flame (52)
   (You found it on level 6 of the Dungeon)
 P - a wand of paralysis (1)
   (You found it on level 9 of the Dungeon)
Scrolls
 b - 3 scrolls of enchant armour {unknown}
 c - a scroll of enchant weapon {unknown}
 e - 3 scrolls of amnesia {unknown}
 g - 2 scrolls of vulnerability {unknown}
 h - a scroll of immolation {unknown}
 i - a scroll of torment {unknown}
 m - 4 scrolls of teleportation {unknown}
 n - 2 scrolls of magic mapping {unknown}
 p - 5 scrolls of fear {unknown}
 r - 6 scrolls of identify {unknown}
 s - 3 scrolls of fog {unknown}
 v - a scroll of summoning {unknown}
 w - a scroll of blinking {unknown}
 J - a scroll of silence {unknown}
 K - a scroll of holy word {unknown}
Potions
 d - 2 potions of degeneration {!q@e2}
 j - a potion of attraction {unknown}
 k - 6 potions of curing {@q1}
 l - 3 potions of mutation {unknown}
 o - 3 potions of haste {unknown}
 q - 2 potions of brilliance {unknown}
 u - a potion of magic {unknown}
 z - a potion of heal wounds {unknown}
 F - 2 potions of flight {unknown}
 O - a potion of might {unknown}

Dungeon Overview and Level Annotations

Branches:
Dungeon (9/15)             Temple (0/1) D:6             Orc (2/2) D:9
   Lair: D:8-11         Elf: Orc:2

Altars:
Ashenzari
Dithmenos
Gozag
Makhleb
Nemelex Xobeh
Okawaru
Ru
Wu Jian
Xom
Zin
Beogh

Shops:
D:5

!
.................................
.................................
.............))..................
..................)..............
.................................
.................................
.................................
..............................
......................$......
...........)co.............. ...
........@.oo............. ...
#..##..)###o..##))##..## ...
.......≈≈# #≈≈c..)).....# ...#
.c....≈≈≈# #≈≈≈.......... ....
....≈≈≈≈## ##≈≈≈≈........ ...#
..≈≈≈≈### ###≈≈≈≈...... ...#
.≈≈≈≈# ##≈≈≈≈..... ... ....o


oooo...... #... .. ..... ooo....... #..#... ..#.. You could see 3 orc warriors,
2 centaurs and 2 orcs.


Message History

The orc warrior shoots a bolt.
The bolt hits you but does no damage.
The centaur shoots an arrow.
The arrow hits you.
The centaur shoots an arrow.
The arrow barely misses you. 😮 HP[-4]
You take 4 damage, and now have 58/102 hp.
The centaur shoots an arrow.
The arrow hits you.
The orc warrior suddenly grunts, as Orcs often do.
The centaur shoots an arrow.
The arrow hits you!
* * * LOW HITPOINT WARNING * * *
The orc warrior shoots a bolt.
The bolt closely misses you.
The orc warrior shoots a bolt.
The bolt hits you!
* * * LOW HITPOINT WARNING * * *
😨 HP[-19]
You take 19 damage, and now have 39/102 hp.
The centaur shoots an arrow.
The arrow hits you.
* * * LOW HITPOINT WARNING * * *
The orc warrior shoots a bolt.
The bolt hits you!
* * * LOW HITPOINT WARNING * * *
The centaur shoots an arrow.
The arrow barely misses you.
The orc warrior shoots a bolt.
The bolt barely misses you.
You hear a shout! 😨 HP[-9]
You take 9 damage, and now have 30/102 hp.
Okay, then.
The centaur shoots an arrow.
The arrow hits you but does no damage.
The orc warrior shoots a bolt.
The bolt hits you but does no damage.
The centaur shoots an arrow.
The arrow closely misses you.
The centaur unwields a +0 shortbow.
The centaur hits you but does no damage.
The centaur barely misses you.
The centaur shoots an arrow.
The arrow hits you but does no damage.
The orc shoots a bolt.
The bolt barely misses you.
The centaur wields a +0 shortbow.
The centaur shoots an arrow.
The arrow barely misses you.
The centaur shoots an arrow.
The arrow hits you.
* * * LOW HITPOINT WARNING * * *
😱 HP[-5]
You take 5 damage, and now have 25/102 hp.
The orc shoots a bolt.
The bolt barely misses you.
The centaur unwields a +0 shortbow.
The centaur misses you. The centaur barely misses you.
It was a potion of curing.
You feel better.
The centaur hits you but does no damage.
The centaur kicks you but does no damage. 😨 HP[+9]
You regained 9 hp, and now have 34/102 hp.
You slice the centaur!! Your headbutt misses the centaur.
The centaur barely misses you. The centaur closely misses you.
The centaur hits you but does no damage.
The centaur kicks you but does no damage.
The orc warrior unwields a +0 glaive.
The orc warrior wields a +0 arbalest.
The orc warrior shoots a bolt.
The bolt hits you but does no damage.
You hear a shout!
You slice the orc warrior!!
You hear a shout! x2
The centaur unwields a +0 shortbow.
The centaur hits you.
* * * LOW HITPOINT WARNING * * *
The centaur barely misses you. x2; You furiously retaliate!
You headbutt the centaur!
You kill the centaur!
Trog accepts your kill.
The orc warrior shoots a bolt.
The bolt hits you!
* * * LOW HITPOINT WARNING * * *
The orc warrior hits you with a +0 battleaxe!
* * * LOW HITPOINT WARNING * * *
Your Armour skill increases to level 11! 😱 HP[-22]
You take 22 damage, and now have 12/102 hp.
MASSIVE DAMAGE!! (PAUSE)
The centaur wields a +0 shortbow.
The centaur shoots an arrow.
The arrow hits you but does no damage.
The orc warrior shoots a bolt.
The bolt hits you but does no damage.
The orc warrior hits you but does no damage.
The centaur shoots an arrow.
The arrow hits you but does no damage.
It was a potion of degeneration.
There was something very wrong with that liquid.
You feel weakened.
You feel dopey.
You feel clumsy.
The centaur shoots an arrow.
The arrow completely misses you.
The orc warrior shoots a bolt.
The bolt barely misses you.
The orc warrior hits you with a +0 battleaxe.
* * * LOW HITPOINT WARNING * * *
😱 HP[-5]
You take 5 damage, and now have 7/102 hp.
Okay, then.
A red film seems to cover your vision as you go berserk!
You feel yourself moving faster!
You feel mighty!
The centaur shoots an arrow.
The arrow barely misses you.
A centaur comes into view.
The orc warrior shoots a bolt.
The bolt hits you!
* * * LOW HITPOINT WARNING * * *
The orc warrior closely misses you. You furiously retaliate!
You headbutt the orc warrior!
You kill the orc warrior!
Trog accepts your kill.
The centaur shoots an arrow.
The arrow closely misses you. 😱 HP[-4]
You now have 153 max hp (+51).
You feel a strong urge to attack something.
The orc warrior shoots a bolt.
The bolt hits you but does no damage.
The orc warrior shoots a bolt.
The bolt hits you.
You die...

Skill      XL: |  1  2  3  4  5  6  7  8  9 10 11 |
---------------+----------------------------------+-----
Fighting       | 4 5 6 8 9 11 | 11.2
Axes           | 4 5 6 7 9 10 11 | 11.3
Armour         | 3 4 5 7 9 10 11 | 11.0
Dodging        | 3 4 5 6 7 |  7.5
Long Blades    | 3 5 |  5.1

Action                   |  1- 3 |  4- 6 |  7- 9 | 10-12 || total
-------------------------+-------+-------+-------+-------++-------
Melee: Hand axe          |    85 |   155 |    71 |       ||   311
       Headbutt          |    11 |    25 |    69 |    28 ||   133
       Punch             |     1 |     4 |     5 |       ||    10
       Flail             |       |       |   153 |       ||   153
       Whip              |       |       |    14 |       ||    14
       Katana            |       |       |    70 |   175 ||   245
Throw: Dart              |       |       |     4 |       ||     4
Invok: Berserk           |       |     3 |     6 |     3 ||    12
  Use: Potion            |       |       |       |     2 ||     2
Armor: Animal skin       |     6 |       |       |       ||     6
       Chain mail        |     5 |    79 |    49 |       ||   133
       Ring mail         |       |       |    80 |       ||    80
       Plate armour      |       |       |    63 |   136 ||   199
Dodge: Dodged            |    51 |    97 |   181 |   134 ||   463

Levels and vault maps discovered:
D:1:      roderic_octagonal_star, layout_basic
D:2:      layout_loops_ring, chequers_ecumenical_altar_grove
D:3:      lemuel_castle_with_subvaults [lemuel_castle_interior_carwin_2],
          layout_basic, mainiacjoe_overflow_concentric_impassable
D:4:      layout_cave_pods, kennysheep_little_box, uniq_menkaure
D:5:      layout_loops_ring, serial_shops, shop, uniq_ijyb
D:6:      layout_basic, nicolae_wu_jian_wuxing_cycle,
          mainiacjoe_overflow_six_doors_small, mainiacjoe_overflow_paths,
          general_overflow_altar, minmay_temple_entry_junction
D:7:      layout_gridville, mainiacjoe_overflow_catwalk
D:8:      layout_loops_ring, mainiacjoe_overflow_catch_the_wave
D:9:      layout_loops_cross, xom_confusion_cloud, hangedman_fish_farm
Orc:1:    layout_diamond_mine, hangedman_feature_mirror, bloody_makhleb
Orc:2:    st_orc_rangers, layout_caves, minmay_orc_temple_c

Notes
Turn   | Place    | Note
-------+----------+-------------------------------------------
     0 | D:1      | Faeu the Minotaur Berserker began the quest for the Orb.
     0 | D:1      | Reached XP level 1. HP: 19/19 MP: 0/0
     0 | D:1      | magus.rc [v1.9.6]
   276 | D:1      | Reached XP level 2. HP: 11/27 MP: 1/1
   700 | D:1      | You pick up a book of Alchemy {forbidden} and begin
                  | reading...
   700 | D:1      | You add the spells Sublimation of Blood, Petrify and
                  | Irradiate to your library.
   968 | D:1      | Reached skill level 4 in Fighting
  1127 | D:2      | Reached skill level 4 in Axes
  1322 | D:1      | HP: 5/27 [gnoll/+0 club (6)]
  1325 | D:1      | Reached skill level 3 in Armour
  1325 | D:1      | Reached XP level 3. HP: 6/33 MP: 2/2
  1841 | D:2      | Reached skill level 3 in Dodging
  1849 | D:2      | Reached XP level 4. HP: 23/41 MP: 3/3
  2134 | D:2      | Found a faded altar of an unknown god.
  2479 | D:2      | Reached ** piety under Trog
  2498 | D:2      | You pick up a book of Necromancy {forbidden} and begin
                  | reading...
  2498 | D:2      | You add the spells Pain, Animate Skeleton and Vampiric
                  | Draining to your library.
  2686 | D:3      | Reached XP level 5. HP: 23/47 MP: 4/4
  3043 | D:3      | Reached skill level 5 in Fighting
  3043 | D:3      | Reached skill level 4 in Armour
  3055 | D:3      | Reached skill level 5 in Axes
  3154 | D:3      | You pick up a book of Spectacle {forbidden} and begin
                  | reading...
  3154 | D:3      | You add the spells Dazzling Flash, Iskenderun's Mystic
                  | Blast and Starburst to your library.
  3265 | D:3      | Reached XP level 6. HP: 55/56 MP: 5/5
  3292 | D:3      | Found a sacrificial altar of Ru.
  3542 | D:3      | Reached skill level 4 in Dodging
  4089 | D:3      | HP: 12/56 [gnoll sergeant/+0 spear (7)]
  4198 | D:3      | Reached XP level 7. HP: 26/62 MP: 6/6
  4437 | D:3      | Reached skill level 5 in Armour
  4482 | D:3      | Reached *** piety under Trog
  5175 | D:4      | Noticed Menkaure
  5180 | D:4      | Killed Menkaure
  5181 | D:4      | Reached skill level 6 in Fighting
  5181 | D:4      | Reached skill level 6 in Axes
  5346 | D:4      | Reached skill level 5 in Dodging
  5518 | D:4      | magus.rc [v1.9.6]
  5741 | D:4      | Identified the +7 ring mail of Inevitability {rC+ Str+3
                  | Int-2}
  6327 | D:4      | Found an iron altar of Okawaru.
  6343 | D:4      | Reached XP level 8. HP: 69/71 MP: 7/7
  6803 | D:5      | Entered Level 5 of the Dungeon
  6830 | D:5      | Reached skill level 6 in Armour
  6967 | D:5      | Found Taehush's Distillery.
  6988 | D:5      | Reached skill level 7 in Fighting
  7061 | D:5      | Noticed Ijyb
  7083 | D:5      | Killed Ijyb
  7258 | D:5      | Reached **** piety under Trog
  7366 | D:5      | Reached skill level 7 in Axes
  7425 | D:5      | Reached skill level 6 in Dodging
  7433 | D:5      | You pick up a book of Flames {forbidden} and begin
                  | reading...
  7433 | D:5      | You add the spells Foxfire, Conjure Flame, Inner Flame and
                  | Flame Wave to your library.
  7859 | D:6      | Found a shadowy altar of Dithmenos.
  7897 | D:6      | Reached skill level 7 in Armour
  8017 | D:6      | Found a glowing silver altar of Zin.
  8137 | D:6      | Reached skill level 8 in Fighting
  8148 | D:6      | Reached XP level 9. HP: 66/81 MP: 8/8
  8213 | D:6      | Found a broken altar of Ashenzari.
  8240 | D:6      | You pick up a book of the Moon {forbidden} and begin
                  | reading...
  8240 | D:6      | You add the spells Passage of Golubria, Silence and
                  | Lehudib's Crystal Spear to your library.
  8244 | D:6      | Found an ornate altar of the Wu Jian Council.
  8334 | D:6      | Reached skill level 8 in Axes
  8442 | D:6      | Found a staircase to the Ecumenical Temple.
  8792 | D:7      | Identified the +4 plate armour "Ytookhli" {Dex+4}
  8843 | D:7      | Reached skill level 7 in Dodging
  9103 | D:7      | Found the +8 autumn katana {vorpal, manifold assault}
  9197 | D:7      | Found a sparkling altar of Nemelex Xobeh.
  9361 | D:7      | Reached skill level 8 in Armour
 10178 | D:8      | Reached skill level 1 in Long Blades
 10183 | D:8      | Found an opulent altar of Gozag.
 10198 | D:8      | Reached skill level 9 in Fighting
 10202 | D:8      | Reached skill level 2 in Long Blades
 10202 | D:8      | Reached skill level 9 in Axes
 10792 | D:9      | Reached ***** piety under Trog
 10794 | D:9      | Reached skill level 3 in Long Blades
 10868 | D:9      | Noticed a troll
 10879 | D:9      | Killed a troll
 10880 | D:9      | Reached skill level 9 in Armour
 10880 | D:9      | Reached XP level 10. HP: 77/91 MP: 9/9
 10998 | D:9      | Found a staircase to the Orcish Mines.
 11115 | D:9      | Noticed a two-headed ogre
 11117 | D:9      | Reached skill level 4 in Long Blades
 11123 | D:9      | Killed a two-headed ogre
 11124 | D:9      | Reached skill level 10 in Fighting
 11234 | D:9      | Found a shimmering altar of Xom.
 11244 | D:9      | You pick up a book of Storms {forbidden} and begin
                  | reading...
 11244 | D:9      | You add the spells Airstrike, Summon Lightning Spire and
                  | Lightning Bolt to your library.
 11292 | D:9      | Reached skill level 10 in Axes
 11458 | D:9      | Reached skill level 5 in Long Blades
 11512 | D:9      | You pick up a book of Armaments {forbidden} and begin
                  | reading...
 11512 | D:9      | You add the spells Stone Arrow and Animate Armour to your
                  | library.
 11640 | D:9      | Reached skill level 10 in Armour
 11940 | Orc:1    | Entered Level 1 of the Orcish Mines
 11942 | Orc:1    | Found a burning altar of Makhleb.
 12214 | Orc:1    | Noticed an orc high priest
 12342 | Orc:1    | Noticed a sun demon
 12342 | Orc:1    | Noticed a smoke demon
 12344 | Orc:1    | Killed an orc high priest
 12420 | Orc:1    | Reached skill level 11 in Fighting
 12740 | Orc:2    | Entered Level 2 of the Orcish Mines
 12754 | Orc:2    | Reached XP level 11. HP: 65/102 MP: 10/10
 12755 | Orc:2    | Reached skill level 11 in Axes
 13309 | Orc:2    | HP: 25/102 [centaur/arrow (6)]
 13313 | Orc:2    | HP: 12/102 [orc warrior/+0 battleaxe (13)]
 13314 | Orc:2    | Reached skill level 11 in Armour
 13316 | Orc:2    | HP: 3/153 [orc warrior/bolt (8)]
 13317 | Orc:2    | Shot with a bolt by an orc warrior

Vanquished Creatures
  A two-headed ogre (D:9)
  An orc high priest (Orc:1)
  2 trolls (D:9)
  A merfolk (D:9)
  A hornet (D:9)
  3 yaks (D:8)
  A vampire (D:9)
  2 wraiths (D:9)
  2 steam dragons
  Menkaure (D:4)
  3 water moccasins
  10 orc warriors
  A black bear (D:8)
  5 ogres
  8 centaurs
  A phantom (D:5)
  A kobold brigand (D:8)
  4 bullfrogs
  2 gnoll sergeants
  2 scorpions
  5 killer bees (D:9)
  10 wights
  6 howler monkeys
  A bullfrog zombie (D:6)
  2 centaur zombies (D:9)
  11 orc priests
  4 gnoll shamans
  2 hounds
  A jelly (D:4)
  Ijyb (D:5)
  5 iguanas
  12 orc wizards
  A killer bee zombie (D:8)
  45 gnolls
  4 adders
  A white imp (D:6)
  2 worms (D:3)
  62 orcs
  2 bats
  6 endoplasms
  3 giant cockroaches
  A goblin (D:3)
  6 hobgoblins
  22 jackals
  3 quokkas
  3 frilled lizards
  5 kobolds
  4 rats
282 creatures vanquished.

Vanquished Creatures (others)
  A troll (D:9)
  9 plants (D:3)
10 creatures vanquished.

Grand Total: 292 creatures vanquished

Table legend:
 A = Non-vault XP
 B = Vault XP
 C = Vault XP percentage of total XP
 D = Non-vault monster count
 E = Vault monster count
 F = Vault count percentage of total count
                 A         B        C        D         E       F
            +---------+---------+-------+---------+---------+-------
      Total |    8847 |    3714 |  29.6 |     208 |      74 |  26.2
            +---------+---------+-------+---------+---------+-------
        D:1 |      57 |       0 |   0.0 |      17 |       0 |   0.0
        D:2 |     103 |       0 |   0.0 |      17 |       0 |   0.0
        D:3 |     181 |     622 |  77.5 |      19 |      51 |  72.9
        D:4 |     318 |     175 |  35.5 |      20 |       1 |   4.8
        D:5 |     666 |      38 |   5.4 |      20 |       1 |   4.8
        D:6 |     905 |       0 |   0.0 |      24 |       0 |   0.0
        D:7 |     836 |       0 |   0.0 |      19 |       0 |   0.0
        D:8 |    1318 |       0 |   0.0 |      19 |       0 |   0.0
        D:9 |    2348 |    1623 |  40.9 |      23 |       7 |  23.3
      Orc:1 |    1375 |     118 |   7.9 |      15 |       1 |   6.2
      Orc:2 |     740 |    1138 |  60.6 |      15 |      13 |  46.4
            +---------+---------+-------+---------+---------+-------

Illustrated notes

Table legend:
 A = Kills in this place as a percentage of kills in entire the game.
 B = Kills by you in this place as a percentage of kills by you in the entire game.
 C = Kills by friends in this place as a percentage of kills by friends in the entire game.
 D = Other kills in this place as a percentage of other kills in the entire game.
 E = Experience gained in this place as a percentage of experience gained in the entire game.
 F = Experience gained in this place divided by the number of levels of this place that you have seen.
                   A       B       C       D       E      F
               +-------+-------+-------+-------+-------+----------------------
         Total | 100.0 | 100.0 |   N/A |   N/A | 100.0 | 1141.9
       Dungeon |  84.4 |  84.4 |   N/A |   N/A |  73.2 | 1021.1
  Orcish Mines |  15.6 |  15.6 |   N/A |   N/A |  26.8 | 1685.5
               +-------+-------+-------+-------+-------+----------------------

Table legend: (Time is in decaauts)
 A = Elapsed time spent in this place.
 B = Non-inter-level travel time spent in this place.
 C = Inter-level travel time spent in this place.
 D = Time resting spent in this place.
 E = Time spent auto-exploring this place.
 F = Levels seen in this place.
 G = Mean time per level.
                   A        B        C        D        E       F      G
               +--------+--------+--------+--------+--------+-----+--------+
         Total |  13484 |  13173 |    311 |   2015 |   8449 |  11 | 1225.8 |
       Dungeon |  12262 |  11975 |    287 |   1856 |   7718 |   9 | 1362.4 |
  Orcish Mines |   1222 |   1199 |     23 |    159 |    731 |   2 |  611.0 |
               +--------+--------+--------+--------+--------+-----+--------+

Top non-repeatable levels by time:
     D:3: 3006 daAuts
     D:1: 1567 daAuts
     D:9: 1333 daAuts
     D:4: 1303 daAuts
     D:7: 1063 daAuts
     D:5: 1044 daAuts
     D:2: 1023 daAuts
     D:8: 989 daAuts
     D:6: 931 daAuts
   Orc:1: 648 daAuts
   Orc:2: 573 daAuts
